 Dungeon Crawl Stone Soup version 0.24-a0-170-gd8427f5 (webtiles) character file.

Game seed: 2438587181032450862

52 Azzok the Insei (level 3, 0/23 HPs)
             Began as an Octopode Transmuter on Mar 10, 2019.
             Succumbed to an adder's poison
             ... on level 2 of the Dungeon.
             The game lasted 00:02:38 (1773 turns).

Azzok the Insei (Octopode Transmuter)               Turns: 1773, Time: 00:02:38

Health: 0/23       AC:  1    Str:  9    XL:     3   Next: 85%
Magic:  5/6        EV: 13    Int: 16    God:
Gold:   31         SH:  0    Dex: 12    Spells: 5/6 levels left

rFire    + . .     SeeInvis .   l - +0 short sword (freeze)
rCold    . . .     Gourm    .   (no shield)
rNeg     . . .     Faith    .   (helmet restricted)
rPois    .         Spirit   .   (no amulet)
rElec    .         Reflect  .   b - ring of stealth
rCorr    .         Harm     .   i - ring of protection from fire
MR       .....                  (no ring)
Stlth    +++.......             (no ring)
HPRegen  0.07/turn              (no ring)
MPRegen  0.10/turn              (no ring)
                                (no ring)
                                (no ring)

@: lethally poisoned (0 -> -4), appendage, very slightly contaminated
A: almost no armour, stealthy swim, amphibious, 8 rings, constrict 8, tentacle
spike 3, camouflage 1, gelatinous body 1
a: End Transformation


You were on level 2 of the Dungeon.
You were not hungry.
One of your tentacles had a temporary spike.
You visited 1 branch of the dungeon, and saw 2 of its levels.

You collected 31 gold pieces.

Inventory:

Hand Weapons
 l - a +0 short sword of freezing (weapon)
Missiles
 a - 12 arrows
Jewellery
 b - a ring of stealth (left tentacle)
 i - a ring of protection from fire (right tentacle)
Scrolls
 k - a scroll of identify {unknown}
Potions
 d - a potion of cancellation {unknown}
 e - a potion of heal wounds {unknown}
 f - a potion of lignification {unknown}
 h - a potion of resistance {unknown}
 j - a potion of degeneration {unknown}
 m - 2 potions of might {unknown}
Comestibles
 c - 4 rations
 g - a chunk of flesh


   Skills:
 - Level 1.0 Fighting
 - Level 2.0 Dodging
 + Level 3.9 Unarmed Combat
 - Level 2.0 Spellcasting
 + Level 3.2 Transmutations


You had 5 spell levels left.
You knew the following spells:

 Your Spells              Type           Power        Failure   Level  Hunger
a - Beastly Appendage     Tmut           ##....       5%          1    #......

Your spell library contained the following spells:

 Spells                   Type           Power        Failure   Level  Hunger
 Sticks to Snakes         Tmut           ##......     9%          2    ###....
 Spider Form              Tmut/Pois      #.........   32%         3    ###....
 Ice Form                 Ice/Tmut       #.......     71%         4    #####..
 Blade Hands              Tmut           ##........   83%         5    ######.


Dungeon Overview and Level Annotations

Branches:
Dungeon (2/15)

Altars:


Innate Abilities, Weirdness & Mutations

You cannot wear most types of armour.
You are very stealthy in the water. (Stealth+)
You are amphibious.
You can wear up to eight rings at the same time.
You can use your tentacles to constrict eight enemies at once.
Your skin changes colour to match your surroundings (Stealth+).
Your rubbery body absorbs attacks. (AC +1, EV +1)
One of your tentacles bears a large vicious spike.


Message History

You are very lightly contaminated with residual magic.
Nothing appears to happen.
You constrict the adder.
You feel sick. The adder closely misses you. The adder misses you.
You hit the adder. You freeze the adder.
The adder is severely wounded.
You constrict the adder. The adder bites you.
You hit the adder. You freeze the adder.
You kill the adder!
You feel sick.
You hit the hobgoblin. You freeze the hobgoblin.
You kill the hobgoblin!
You closely miss the hobgoblin. Your grab misses the hobgoblin.
You feel sick. The hobgoblin hits you with a +0 club.
* * * LOW HITPOINT WARNING * * *
You barely miss the hobgoblin. You grab the hobgoblin.
You constrict the hobgoblin. The hobgoblin hits you with a +0 club.
* * * LOW HITPOINT WARNING * * *
You hit the hobgoblin. You freeze the hobgoblin.
You kill the hobgoblin!
You die...

▒· ▒·▒ ▒▒·▒· ▒·▒
▒▒▒▒ ▒····▒▒·▒ ·g·
·%···▒·····▒
········▒·▒
··········▒
▒·······▒
▒·······▒▒▒▒▒▒▒▒
▒▒·▒▒▒▒··)@····▒
▒·······▒▒▒▒▒·▒▒
▒▒▒▒▒▒·▒▒ ▒▒···▒▒
▒···▒▒▒·▒▒▒·▒▒▒▒▒▒▒·
▒·······▒ ▒·········
▒···▒▒▒·▒▒▒·▒▒▒▒▒▒▒▒
▒▒▒▒▒ ▒▒···▒▒ ▒▒·▒▒
▒·▒▒▒▒▒▒▒▒▒▒▒▒


There were no monsters in sight!

Vanquished Creatures
  An adder (D:2)
  A dart slug (D:1)
  2 leopard geckos
  6 bats
  A giant cockroach (D:1)
  4 goblins (D:1)
  6 hobgoblins
  9 kobolds
  3 frilled lizards
  4 rats (D:1)
37 creatures vanquished.

Notes
Turn   | Place    | Note
-------+----------+-------------------------------------------
     0 | D:1      | Azzok the Octopode Transmuter began the quest for the Orb.
     0 | D:1      | Reached XP level 1. HP: 13/13 MP: 3/3
   158 | D:1      | Reached XP level 2. HP: 18/18 MP: 5/5
   743 | D:1      | Reached XP level 3. HP: 17/23 MP: 6/6
  1772 | D:2      | HP: 1/23 [hobgoblin/+0 club (5)]
  1773 | D:2      | Succumbed to an adder's poison

Levels and vault maps discovered:
D:1:      saegor_arrival_simple_c, layout_basic, minmay_split_cup_large
D:2:      minmay_recursive_quarters, layout_loops_ring, first_ration

Skill      XL: |  1  2  3 |
---------------+----------+-----
Transmutations | 3 |  3.2
Fighting       | |  1.0
Dodging        | |  2.0
Unarmed Combat | |  3.9
Spellcasting   | |  2.0

Action                   || total
-------------------------++-------
Melee: Unarmed           ||    43
       Tentacles         ||    13
       Constrict         ||    21
       Punch             ||     2
       Short sword       ||    29
       Dagger            ||     4
 Cast: Beastly Appendage ||     2
 Stab: Distracted        ||     1
       Sleeping          ||     4
  Eat: Chunk             ||     3
Armor: Skin              ||     7
Dodge: Dodged            ||    60

Table legend:
 A = Non-vault XP
 B = Vault XP
 C = Vault XP percentage of total XP
 D = Non-vault monster count
 E = Vault monster count
 F = Vault count percentage of total count
                 A         B        C        D         E       F
            +---------+---------+-------+---------+---------+-------
      Total |      67 |       8 |  10.7 |      33 |       4 |  10.8
            +---------+---------+-------+---------+---------+-------
        D:1 |      40 |       8 |  16.7 |      23 |       4 |  14.8
        D:2 |      27 |       0 |   0.0 |      10 |       0 |   0.0
            +---------+---------+-------+---------+---------+-------
